 Dungeon Crawl Stone Soup version 0.31.0-9-g3a7656b989 (webtiles) character file.

Game seed: 986720848907477448

84 qw the Shooter (level 4, 0/25 HPs)
             Began as a Deep Elf Hunter on Feb 2, 2024.
             Slain by a cerulean imp
             ... wielding a +0 spear
             ... summoned by Natasha
              (4 damage)
             ... on level 3 of the Dungeon.
             The game lasted 00:00:06 (1079 turns).

qw the Shooter (Deep Elf Hunter)                    Turns: 1079, Time: 00:00:07

Health: 0/25       AC:  5    Str: 10    XL:     4   Next: 24%
Magic:  6/6        EV: 11    Int: 14    God:
Gold:   151        SH:  0    Dex: 18    Spells: 3/3 levels left

rFire   . . .        a - +0 shortbow
rCold   . . .        (shield currently unavailable)
rNeg    . . .        f - +0 ring mail
rPois   .            (no helmet)
rElec   .            (no cloak)
rCorr   .            (no gloves)
SInv    .            (no boots)
Will    .....        (no amulet)
Stlth   +            (no ring)
HPRegen 0.24/turn    (no ring)
MPRegen 0.10/turn

%: no passive effects
@: slowed, very slow
A: no striking features
a: no special abilities


You were on level 3 of the Dungeon.
You visited 1 branch of the dungeon, and saw 3 of its levels.

You collected 151 gold pieces.


   Skills:
 - Level 1.5 Fighting
 + Level 7.7 Ranged Weapons
 - Level 2.4 Dodging
 - Level 1.2 Stealth


You had 3 spell levels left.
You didn't know any spells.
Your spell library was empty.

Inventory:

Hand Weapons
 a - a +0 shortbow (weapon)
Armour
 f - a +0 ring mail (worn)
Scrolls
 b - a scroll of poison {unknown}
 e - a scroll of teleportation
Potions
 c - a potion of mutation {unknown}
 d - a potion of haste
 h - a potion of enlightenment {unknown}
 i - a potion of degeneration {unknown}

Dungeon Overview and Level Annotations

Branches:
Dungeon (3/15)

Altars:
Fedhas
Uskayaw

Shops:
D:1 ?

Annotations:
D:3 Natasha


Message History

A kobold comes into view. It is wielding a +0 dagger.
The adder bites you but does no damage. Natasha casts a spell at you.
You feel yourself slow down.
The cerulean imp hits you from afar with a +0 spear.
Enter note:
Enter note:
Enter note:
Enter note:
Enter note:
Enter note:
1076 ||| RETREEEEATING.
Natasha misses you. The adder closely misses you.
Natasha claws you but does no damage.
The cerulean imp hits you but does no damage.
Enter note:
Enter note:
Enter note:
1077 ||| RETREEEEATING.
Found 17 gold pieces.
The kobold shouts!
The adder attacks as it pursues you! The adder bites you.
Natasha casts a spell at you. You resist with some effort.
The adder bites you but does no damage.
The cerulean imp attacks as it pursues you!
The cerulean imp hits you from afar with a +0 spear.
Enter note:
Enter note:
Enter note:
1078 ||| RETREEEEATING.
The cerulean imp attacks as it pursues you!
The cerulean imp hits you from afar with a +0 spear.
The adder bites you.
The cerulean imp hits you from afar with a +0 spear.
Enter note:
Enter note:
Enter note:
1079 ||| RETREEEEATING.
The adder barely misses you. Natasha claws you.
The cerulean imp hits you from afar with a +0 spear.
You die...

#.#..#.#....####.......#
#.#..#.#.##...##.......#
#$#....#..#...##.......#
##.....###..# .#.......#
#.......###.# #########
#.......# #.# # .....#.#
#.# .. #
#$#...###.###.#.# #.
#.....S@........#
#..###...5h..........
.....##..............
%.....K........>.....
.....................
....##............#..
... ##...........#.. ..
#......:....#
#...........#


You could see Natasha, a cerulean imp (summoned), an adder and a kobold.

Vanquished Creatures
  Natasha (D:3)
  An adder (D:2)
  2 ribbon worms (D:3)
  3 endoplasms (D:1)
  6 giant cockroaches
  3 goblins
  5 hobgoblins
  2 kobolds
  2 quokkas (D:2)
  6 ball pythons
  3 bats
  7 frilled lizards
  5 rats
46 creatures vanquished.

Notes
Turn   | Place    | Note
-------+----------+-------------------------------------------
     0 | D:1      | qw the Deep Elf Hunter began the quest for the Orb.
     0 | D:1      | Reached XP level 1. HP: 12/12 MP: 3/3
     0 | D:1      | 0 ||| qw: Version: 0.3-a-155-g5e7d8dd
     0 | D:1      | 0 ||| qw: Game counter: 1935
     0 | D:1      | 0 ||| qw: Melee chars always use a shield: true
     0 | D:1      | 0 ||| qw: God list: Okawaru
     0 | D:1      | 0 ||| qw: Allow faded altars: false
     0 | D:1      | 0 ||| qw: Do Orc after clearing Dungeon:15 true
     0 | D:1      | 0 ||| qw: Do second Lair branch before Depths: true
     0 | D:1      | 0 ||| qw: Lair rune preference: random
     0 | D:1      | 0 ||| qw: Goals: Normal
     0 | D:1      | 0 ||| PLANNING D:1-11
    92 | D:1      | Found Veuqah's Magic Scroll Emporium.
    95 | D:1      | 95 ||| SHOPLISTING scroll of enchant weapon (82 gold, have
                  | 0).
    95 | D:1      | 95 ||| SHOPLISTING scroll of identify (22 gold, have 0).
    95 | D:1      | 95 ||| SHOPLISTING scroll of teleportation (33 gold, have
                  | 0).
   178 | D:1      | Reached skill level 6 in Ranged Weapons
   178 | D:1      | Reached XP level 2. HP: 15/16 MP: 4/4
   349 | D:1      | Found a faded altar of an unknown god.
   475 | D:1      | 475 ||| UPGRADING to +0 ring mail.
   485 | D:1      | 485 ||| DROPPING +0 leather armour.
   486 | D:1      | 486 ||| DRINKING 2 dark potions.
   487 | D:1      | 487 ||| DROPPING scroll of butterflies.
   526 | D:2      | Reached XP level 3. HP: 20/20 MP: 5/5
   812 | D:2      | 812 ||| READING scroll labelled KARPHY ULIS.
   817 | D:2      | 817 ||| READING 2 scrolls labelled VEBLAZX ULIJ.
   817 | D:2      | 817 ||| IDENTIFYING purple potion
   818 | D:2      | 818 ||| READING scroll of identify.
   818 | D:2      | 818 ||| IDENTIFYING bubbling dark potion
   819 | D:2      | 819 ||| DROPPING potion of lignification.
   820 | D:2      | 820 ||| DROPPING potion of berserk rage.
   853 | D:3      | Reached skill level 7 in Ranged Weapons
   922 | D:3      | Found a blossoming altar of Fedhas.
   925 | D:3      | Found a hide-covered altar of Uskayaw.
   995 | D:3      | Noticed Natasha
  1000 | D:3      | Killed Natasha
  1001 | D:3      | Reached XP level 4. HP: 25/25 MP: 6/6
  1068 | D:3      | Noticed Natasha
  1076 | D:3      | 1076 ||| RETREEEEATING.
  1077 | D:3      | 1077 ||| RETREEEEATING.
  1078 | D:3      | 1078 ||| RETREEEEATING.
  1079 | D:3      | 1079 ||| RETREEEEATING.
  1079 | D:3      | HP: 4/25 [Natasha (6)]
  1079 | D:3      | Slain by a cerulean imp

Levels and vault maps discovered:
D:1:      lightli_arrival_noodles, layout_basic, serial_shops, shop,
          shapermc_ecumenical_altar_mp_vishouse, minmay_tripent
D:2:      layout_rooms, minmay_hedge_maze
D:3:      layout_rooms, grunt_temple_overflow_open, uniq_natasha

Skill      XL: |  1  2  3 |
---------------+----------+-----
Ranged Weapons | 6 7 |  7.7
Fighting       | |  1.5
Dodging        | |  2.4
Stealth        | |  1.2

Action                     |  1- 3 |  4- 6 || total
---------------------------+-------+-------++-------
   Fire: Shortbow          |   105 |    18 ||   123
    Use: Potion            |     1 |       ||     1
         Scroll            |     3 |       ||     3
 Armour: Leather armour    |     6 |       ||     6
         Ring mail         |     6 |    21 ||    27
  Dodge: Dodged            |     7 |     7 ||    14

Table legend:
 A = Non-vault XP
 B = Vault XP
 C = Vault XP percentage of total XP
 D = Non-vault monster count
 E = Vault monster count
 F = Vault count percentage of total count
                 A         B        C        D         E       F
            +---------+---------+-------+---------+---------+-------
      Total |      82 |      39 |  32.2 |      43 |       3 |   6.5
            +---------+---------+-------+---------+---------+-------
        D:1 |      33 |       4 |  10.8 |      21 |       2 |   8.7
        D:2 |      23 |       0 |   0.0 |       6 |       0 |   0.0
        D:3 |      26 |      35 |  57.4 |      16 |       1 |   5.9
            +---------+---------+-------+---------+---------+-------
